 Dungeon Crawl Stone Soup version 0.17.0-23-g0de4337 (webtiles) character file.

7 inmateoo the Vexing (level 1, 0/7 HPs)
             Began as a Felid Enchanter on Nov 13, 2015.
             Slain by a jackal (3 damage)
             ... on level 1 of the Dungeon.
             The game lasted 00:01:17 (197 turns).

inmateoo the Vexing (Felid Enchanter)                Turns: 197, Time: 00:01:18

Health: 0/7        AC:  1    Str:  4    XL:     1   Next: 83%
Magic:  4/4        EV: 18    Int: 16    God:
Gold:   6          SH:  0    Dex: 16    Spells: 1 memorised, 3 levels left
                                        Lives:  0   Deaths: 0

rFire  . . .     SeeInvis +       - Unarmed
rCold  . . .     Clarity  .     (armour unavailable)
rNeg   . . .     SustAt   .     (shield unavailable)
rPois  .         Gourm    .     (helmet unavailable)
rElec  .         Spirit   .     (cloak unavailable)
rCorr  .         Warding  .     (gloves unavailable)
rMut   .         Stasis   .     (boots unavailable)
MR     .....                    (no amulet)
Stlth  +++.......               (no ring)
                                (no ring)

@: quick, not resistant to hostile enchantments, fairly stealthy
A: no armour, no weapons or thrown items, claws 1, fangs 3, see invisible,
carnivore 3, speed 1, shaggy fur 1, slow metabolism 1, sharp paws
a: no special abilities


You were on level 1 of the Dungeon.
You were full.

You visited 1 branch of the dungeon, and saw 1 of its levels.

You collected 6 gold pieces.

Inventory:

Scrolls
 c - a scroll of enchant weapon {unknown}
 d - a scroll of random uselessness {unknown}
Potions
 e - a potion of curing {unknown}
Books
 a - a book of Maledictions

   Spells                             Type                      Level
   a - Corona                         Hexes                        1
   b - Ensorcelled Hibernation        Hexes/Ice                    2
   c - Confuse                        Hexes                        3
   d - Tukima's Dance                 Hexes                        3
   e - Dazzling Spray                 Conjuration/Hexes            3
Comestibles
 b - a meat ration


   Skills:
 + Level 0.0 Fighting
 + Level 2.6 Dodging
 * Level 4.3 Stealth
 * Level 1.2 Unarmed Combat
 + Level 2.1 Spellcasting
 * Level 4.4 Hexes


You had 3 spell levels left.
You knew the following spells:

 Your Spells              Type           Power        Failure   Level  Hunger
a - Corona                Hex            ###....      3%          1    #......


Dungeon Overview and Level Annotations

Branches:
Dungeon (1/15)

Altars:


Innate Abilities, Weirdness & Mutations

You cannot wear armour.
You are incapable of wielding weapons or throwing items.
You have sharp claws.
You have razor-sharp teeth.
You have supernaturally acute eyesight.
You are carnivorous and can eat meat at any time.
You cover ground quickly.
You are covered in fur (AC +1).
You have a slow metabolism.
Your sharp claws are effective at attacking unaware monsters.


Message History

You kill the rat!
The jackal barks! x2
You barely miss the jackal. The jackal misses you.
You closely miss the jackal. The jackal misses you.
You scratch the jackal.
The jackal is lightly wounded.
You barely miss the jackal.
The jackal is lightly wounded.
The jackal misses you. The jackal completely misses you.
You scratch the jackal. Your bite misses the jackal.
The jackal is severely wounded.
The jackal bites you.
You claw the jackal!
You kill the jackal!
You barely miss the jackal. Your bite misses the jackal. The jackal bites you.
The jackal closely misses you.
You scratch the jackal.
The jackal is heavily wounded.
The jackal bites you.
You die...

............###...#.....##
......$..#..##..##.......##
...).....#..##..#.........#
.........#......#.........#
.........>..#...#.........#
#....[........###.........#
...........#.## #.........#
#............####.........#####
##..)......#...h@.............#
.............####..>......#####
##.........### #.........#######
#...)........###................
..........###....#...............
..[#.............##..............
...#.#.##.## #).#.#.##.........
.# #.#..#.######.......#.........
. ....#.....†.......)....


You could see a jackal.

Vanquished Creatures
  A jackal (D:1)
  2 kobolds (D:1)
  A ball python (D:1)
  A giant cockroach (D:1)
  A goblin (D:1)
  2 rats (D:1)
8 creatures vanquished.

Notes
Turn   | Place    | Note
--------------------------------------------------------------
     0 | D:1      | inmateoo the Felid Enchanter began the quest for the Orb.
     0 | D:1      | Reached XP level 1. HP: 7/7 MP: 4/4
   197 | D:1      | Slain by a jackal

Action                   || total
-------------------------++-------
Melee: Unarmed           ||    23
 Stab: Sleeping          ||     4
  Eat: Chunk             ||     2
